 Seeded DCSS version 0.32-a0-411-g744942f433 (webtiles) character file.

Game seed: 9488276093134209384 (custom seed)

6914 CougarLife the Geomancer (level 11, -6/54 HPs)
             Began as a Gargoyle Earth Elementalist on Feb 21, 2024.
             Was an Initiate of Gozag.
             Incinerated by a deep elf pyromancer (12 damage)
             ... with a pyre arrow
             ... on level 8 of the Dungeon.
             The game lasted 00:13:22 (10070 turns).

CougarLife the Geomancer (GrEE)                    Turns: 10070, Time: 00:13:22

Health: -6/54      AC: 13    Str: 13    XL:     11   Next: 7%
Magic:  2/24       EV: 26    Int: 19    God:    Gozag
Gold:   437        SH:  0    Dex: 10    Spells: 19/28 levels left

rFire   . . .        u - +6 shillelagh "Devastator" {shatter}
rCold   . . .        (no shield)
rNeg    + . .        a - +0 robe
rPois   ∞            E - +2 hat
rElec   +            C - +0 cloak
rCorr   .            (no gloves)
SInv    .            (no boots)
Will    +....        k - amulet of the acrobat
Stlth   +            x - ring of willpower
HPRegen 0.29/turn    (no ring)
MPRegen 0.19/turn

%: acrobat
@: on fire, gold aura, acrobatic, very slightly contaminated, glowing
A: sickness immunity, AC +8, negative energy resistance 1, electricity
resistance, torment resistance 1, petrification resistance
a: Renounce Religion, Potion Petition, Call Merchant, Bribe Branch


You were on level 8 of the Dungeon.
You worshipped Gozag.
Gozag was aware of your devotion.
You visited 2 branches of the dungeon, and saw 9 of its levels.
You also visited: Sewer.

You collected 870 gold pieces.
You paid 433 gold pieces to Gozag.

Inventory:

Hand Weapons
 u - the +6 shillelagh "Devastator" (weapon) {shatter}
   (You found it on level 4 of the Dungeon)
Armour
 a - a +0 robe (worn)
 C - a +0 cloak (worn)
 E - a +2 hat (worn)
Jewellery
 k - an amulet of the acrobat (around neck)
 x - a ring of willpower (left hand)
 G - a +4 ring of protection
Wands
 b - a wand of mindburst (7)
 s - a wand of roots (9)
 A - a wand of flame (6)
Scrolls
 c - a scroll of torment {unknown}
 f - a scroll of revelation {unknown}
 g - 4 scrolls of teleportation {unknown}
 i - 5 scrolls of identify {unknown}
 m - 2 scrolls of amnesia {unknown}
 n - a scroll of brand weapon {unknown}
 p - 3 scrolls of enchant weapon {unknown}
 q - 2 scrolls of noise {unknown}
 r - 3 scrolls of blinking {unknown}
 t - 3 scrolls of immolation {unknown}
 v - a scroll of fog {unknown}
 w - a scroll of enchant armour {unknown}
 y - a scroll of acquirement {unknown}
 B - a scroll of poison {unknown}
 H - a scroll of fear {unknown}
Potions
 d - a potion of might {unknown}
 e - 2 potions of invisibility {unknown}
 h - 2 potions of heal wounds {unknown}
 j - a potion of haste {unknown}
 l - a potion of berserk rage {unknown}
 o - 2 potions of mutation {unknown}
 z - a potion of brilliance {unknown}
 D - a potion of curing {unknown}
 F - a potion of ambrosia {unknown}


   Skills:
 - Level 1.5 Dodging
 - Level 2.1 Stealth
 + Level 9.2 Spellcasting
 + Level 10.5 Conjurations
 + Level 11.9 Earth Magic


You had 19 spell levels left.
You knew the following spells:

 Your Spells              Type           Power      Damage    Failure   Level
a - Sandblast             Erth           100%       2d20      1%          1
b - Stone Arrow           Conj/Erth      100%       3d13      1%          3
c - Lee's Rapid Deconstr  Erth           26%        3d14*     1%          5

Your spell library contained the following spells:

 Spells                   Type           Power      Damage    Failure   Level
 Passwall                 Erth           53%        N/A       1%          3
 Brom's Barrelling Bould  Conj/Erth      51%        2d7       1%          4
 Animate Armour           Summ/Erth      62%        N/A       7%          4
 Petrify                  Alch/Erth      31%        N/A       7%          4
 Summon Lightning Spire   Summ/Air       8%         N/A       63%         4


Dungeon Overview and Level Annotations

Branches:
Dungeon (8/15)             Temple (1/1) D:5           Sewer (visited)
   Lair: D:8-11

Altars:
Cheibriados
Dithmenos
Elyvilon
Fedhas
Gozag
Hepliaklqana
Kikubaaqudgha
Makhleb
Nemelex Xobeh
Okawaru
Qazlal
Ru
Sif Muna
Trog
Uskayaw
Wu Jian
Xom
Yredelemnul
The Shining One

Shops:
D:2 *   D:8 *


Innate Abilities, Weirdness & Mutations

You are immune to sickness and miasma.
Your stone body is resilient. (AC +8)
You are immune to poison.
You resist negative energy. (rN+)
You are resistant to electric shocks. (rElec)
You are resistant to unholy torment.
You are immune to petrification.


Message History

You are very lightly contaminated with residual magic.
Nothing appears to happen.
The liquid fire burns you!
Casting: Lee's Rapid Deconstruction (dangerous; 1% risk of failure)
Confirm with . or Enter, or press ? or * to list all spells.
Aiming: Lee's Rapid Deconstruction (dangerous; 1% risk of failure)
Press: ? - help, Dir - move target A crystal wall.
The crystal wall shatters!
The blast of crystal shards hits the deep elf pyromancer but does no damage.
The deep elf pyromancer is severely wounded.
The liquid fire burns you!
You hear a shout!
You hear a horrible gurgling sound!
The deep elf pyromancer gestures wildly while chanting.
The deep elf pyromancer blinks!
Casting: Lee's Rapid Deconstruction (dangerous; 1% risk of failure)
Confirm with . or Enter, or press ? or * to list all spells.
Aiming: Lee's Rapid Deconstruction (dangerous; 1% risk of failure)
Press: ? - help, Dir - move target A stone wall.
The wall shatters!
The blast of rock fragments hits the deep elf pyromancer!
The deep elf pyromancer is almost dead.
The liquid fire burns you!
You hear a shout!
The deep elf pyromancer mumbles some strange words.
The deep elf pyromancer blinks!
Casting: Lee's Rapid Deconstruction (dangerous; 1% risk of failure)
Confirm with . or Enter, or press ? or * to list all spells.
Aiming: Stone Arrow (safe; 1% risk of failure)
Press: ? - help, Shift-Dir - straight line, f - deep elf pyromancer
Aim: a deep elf pyromancer, wielding a +3 flail of protection and wearing a +0 chain mail (almost dead, 75% to hit)
The stone arrow hits the deep elf pyromancer!
You kill the deep elf pyromancer!
The liquid fire burns you!
* * * LOW HITPOINT WARNING * * *
You shake off some of the fire as you move.
The liquid fire burns you!
You die...
Your body crumbles into a pile of gold.

### ..#### ############
####.##..
##.#.##..$..####..#.##..
#.#.#.#@#.#.##..#.#.##..
#.#)#......)..###.......
#.#.#.##.#.######.#..#..
##.#.##.....# #..#.##..
##.######### ####.##..
...# #.#### #.### #.# #.
#.#### # #...##


There were no monsters in sight!

Vanquished Creatures
  Erica (D:8)
  A deep elf pyromancer (D:8)
  Joseph (D:8)
  A kobold demonologist (D:8)
  A hornet (D:7)
  Sigmund (D:3)
  3 wyverns
  A spriggan (D:7)
  Eustachio (D:6)
  A yak (D:6)
  Menkaure (D:4)
  2 water moccasins (D:5)
  Duvessa (D:6)
  An orc warrior (D:7)
  An ice beast (D:6)
  A black bear (D:5)
  2 sky beasts
  5 ogres
  3 phantoms
  2 centaurs
  A kobold brigand (D:6)
  2 brain worms (Sewer)
  2 scorpions
  2 bullfrogs (D:8)
  2 wights (D:8)
  Dowan (D:6)
  10 killer bees (D:8)
  2 hounds
  4 bombardier beetles
  4 orc priests
  A sleepcap (D:6)
  2 gnoll boudas
  9 orc wizards
  Terence (D:3)
  3 iguanas
  Robin (D:2)
  6 adders
  13 gnolls
  9 river rats
  2 white imps
  2 ufetubi
  2 dart slugs
  3 ribbon worms
  38 orcs
  10 ball pythons
  7 bats
  11 endoplasms
  5 giant cockroaches
  9 goblins
  8 hobgoblins
  8 jackals
  12 kobolds
  6 quokkas
  10 frilled lizards
  9 rats
248 creatures vanquished.

Vanquished Creatures (others)
  An ufetubus (D:5)
1 creature vanquished.

Grand Total: 249 creatures vanquished

Notes
Turn   | Place    | Note
-------+----------+-------------------------------------------
     0 | D:1      | CougarLife the Gargoyle Earth Elementalist began the quest
                  | for the Orb.
     0 | D:1      | Reached XP level 1. HP: 10/10 MP: 3/3
   142 | D:1      | Found a faded altar of an unknown god.
   162 | D:1      | Reached XP level 2. HP: 15/15 MP: 3/5
   221 | D:1      | Reached skill level 4 in Earth Magic
   292 | D:1      | Reached XP level 3. HP: 9/19 MP: 0/6
   822 | D:2      | Noticed Robin
   829 | D:2      | Reached XP level 4. HP: 11/24 MP: 4/8
   839 | D:2      | Killed Robin
  1040 | D:2      | Found Recef's General Store.
  1598 | D:3      | Reached XP level 5. HP: 11/28 MP: 4/9
  1637 | D:3      | Found a glowing drain.
  1644 | Sewer    | Entered a sewer
  1692 | Sewer    | Reached skill level 5 in Earth Magic
  2103 | Sewer    | Reached XP level 6. HP: 30/32 MP: 6/11
  2760 | D:3      | Reached skill level 6 in Earth Magic
  2828 | D:3      | Learned a level 3 spell: Stone Arrow
  2853 | D:3      | Reached XP level 7. HP: 34/36 MP: 9/13
  3317 | D:3      | Noticed Terence
  3354 | D:3      | Killed Terence
  3512 | D:3      | Noticed Sigmund
  3515 | D:3      | Killed Sigmund
  3516 | D:3      | Reached skill level 5 in Conjurations
  3850 | D:4      | Found an iron altar of Okawaru.
  3989 | D:4      | Reached skill level 5 in Spellcasting
  3989 | D:4      | Reached skill level 7 in Earth Magic
  3989 | D:4      | Reached XP level 8. HP: 41/41 MP: 6/15
  4056 | D:4      | Found the +6 shillelagh "Devastator" {shatter}
  4376 | D:4      | Noticed Menkaure
  4381 | D:4      | Killed Menkaure
  4623 | D:4      | Found a sacrificial altar of Ru.
  4679 | D:4      | Found a shimmering blue altar of Sif Muna.
  4910 | D:5      | Entered Level 5 of the Dungeon
  5205 | D:5      | Reached skill level 8 in Earth Magic
  5278 | D:5      | Found a staircase to the Ecumenical Temple.
  5369 | Temple   | Entered the Ecumenical Temple
  5496 | D:5      | Found a basalt altar of Yredelemnul.
  5540 | D:5      | Reached XP level 9. HP: 45/45 MP: 13/18
  5546 | D:5      | Learned a level 5 spell: Lee's Rapid Deconstruction
  6078 | D:6      | Noticed Eustachio
  6259 | D:5      | Reached skill level 9 in Earth Magic
  6945 | D:6      | Noticed Duvessa
  6947 | D:6      | Noticed Dowan
  6955 | D:6      | Killed Dowan
  6957 | D:6      | Killed Duvessa
  7073 | D:6      | Killed Eustachio
  7311 | D:6      | Found a white marble altar of Elyvilon.
  7378 | D:6      | Reached skill level 10 in Earth Magic
  7541 | D:6      | Reached XP level 10. HP: 48/50 MP: 21/21
  7562 | D:6      | Found an opulent altar of Gozag.
  7961 | D:6      | Found a shadowy altar of Dithmenos.
  7961 | D:6      | Found a hazy altar of Hepliaklqana.
  7972 | D:6      | Became a worshipper of Gozag Ym Sagoz the Greedy
  9256 | D:8      | Noticed a kobold demonologist
  9258 | D:8      | Killed a kobold demonologist
  9326 | D:8      | Reached skill level 11 in Earth Magic
  9405 | D:8      | Found Pihoiq's Assorted Antiques.
  9598 | D:8      | Noticed Erica
  9600 | D:8      | Noticed Joseph
  9610 | D:8      | Killed Joseph
  9617 | D:8      | Killed Erica
  9618 | D:8      | Reached skill level 10 in Conjurations
  9979 | D:8      | Reached XP level 11. HP: 54/54 MP: 18/24
 10056 | D:8      | Noticed a deep elf pyromancer
 10069 | D:8      | Killed a deep elf pyromancer
 10070 | D:8      | Incinerated by a deep elf pyromancer

Illustrated notes

Levels and vault maps discovered:
D:1:      dpeg_arrival_snail, layout_basic, hellmonk_ecumenical_altar_crossroads
D:2:      layout_rooms, serial_aquarium, aquarium_bridge_straight
          [aquarium_subvault_bridge, aquarium_subvault_window,
          aquarium_subvault_bridge, aquarium_subvault_balcony],
          aquarium_window_corridor_2, aquarium_window_1, aquarium_window_1,
          aquarium_view_2d, aquarium_pool_four, serial_shops, shop, uniq_robin
D:3:      layout_loops_ring, gup_sewer_entry_spiral, uniq_terence, uniq_sigmund
D:4:      layout_loops_ring, mainiacjoe_overflow_paths,
          mainiacjoe_overflow_two_lobes, chequers_serial_rivers_large_a,
          dilly_guarded_unrand_devastator, uniq_menkaure
D:5:      black_bear_nest_1, layout_basic, yredelemnul_altar_generic,
          minmay_temple_entry_glassed_door, minmay_gold_behind_fungi,
          serial_bayou_pond_c
D:6:      layout_rooms, nicolae_overflow_hidden_temple, elyvilon_altar_5,
          minmay_pentangle, uniq_duvessa, uniq_eustachio
D:7:      layout_loops_ring, the_hattery
D:8:      minmay_the_grid_square_5x5_3x3 [minmay_the_grid_square_5x5_seven,
          minmay_the_grid_square_5x5_checkered_sparse,
          minmay_the_grid_square_5x5_eight_small,
          minmay_the_grid_square_5x5_two,
          minmay_the_grid_square_5x5_megaprize_diamond,
          minmay_the_grid_square_5x5_forky, minmay_the_grid_square_5x5_percent,
          minmay_the_grid_square_5x5_inner_v,
          minmay_the_grid_square_5x5_n_small], layout_rooms,
          cheibrodos_ashenzari_chains, serial_shops, shop, uniq_jeremiah,
          uniq_erica, uniq_joseph
Temple:   nicolae_temple_bog_church

Skill      XL: |  1  2  3  4  5  6  7  8  9 10 |
---------------+-------------------------------+-----
Earth Magic    | 4 5 6 7 8 10 11 | 11.9
Conjurations   | 2 3 4 5 7 8 10 | 10.5
Spellcasting   | 3 4 5 6 7 9 |  9.2
Dodging        | |  1.5
Stealth        | |  2.1

Action                     |  1- 3 |  4- 6 |  7- 9 | 10-12 || total
---------------------------+-------+-------+-------+-------++-------
  Melee: Unarmed           |     8 |       |       |       ||     8
         Dagger            |     4 |    18 |     9 |       ||    31
         Shillelagh        |       |       |    69 |    15 ||    84
   Cast: Sandblast         |    33 |   107 |   103 |    26 ||   269
         Stone Arrow       |       |       |    21 |     8 ||    29
         Lee's Rapid Decon |       |       |    13 |    36 ||    49
 Invoke: Potion Petition   |       |       |       |     1 ||     1
    Use: Potion            |       |     1 |       |       ||     1
   Stab: Sleeping          |       |       |     1 |       ||     1
 Armour: Robe              |    19 |    69 |    93 |    36 ||   217
  Dodge: Dodged            |    15 |    71 |    94 |    35 ||   215

Table legend: (Time is in decaauts)
 A = Elapsed time spent in this place.
 B = Non-inter-level travel time spent in this place.
 C = Inter-level travel time spent in this place.
 D = Time resting spent in this place.
 E = Time spent auto-exploring this place.
 F = Levels seen in this place.
 G = Mean time per level.
                   A        B        C        D        E       F      G
               +--------+--------+--------+--------+--------+-----+--------+
         Total |  10449 |  10176 |    273 |   2761 |   5497 |  10 | 1044.9 |
       Dungeon |   9228 |   8955 |    273 |   2606 |   4623 |   8 | 1153.5 |
        Temple |      1 |      1 |      0 |      0 |      0 |   1 |    1.0 |
         Sewer |   1219 |   1219 |      0 |    155 |    873 |   1 | 1219.0 |
               +--------+--------+--------+--------+--------+-----+--------+

Top non-repeatable levels by time:
     D:7: 1681 daAuts
     D:5: 1423 daAuts
     D:6: 1375 daAuts
     D:3: 1368 daAuts
   Sewer: 1219 daAuts
     D:4: 1107 daAuts
     D:1: 834 daAuts
     D:8: 746 daAuts
     D:2: 691 daAuts
  Temple: 1 daAuts
